 Dungeon Crawl Stone Soup version 0.25.1-2-g60ff931df9 (webtiles) character file.

Game seed: 7077928291623691115

194 DogServant the Ducker (level 5, -6/39 HPs)
             Began as a Merfolk Gladiator on Nov 17, 2020.
             Mangled by an orc
             ... wielding a +0 flail
              (10 damage)
             ... on level 4 of the Dungeon.
             The game lasted 00:02:36 (2667 turns).

DogServant the Ducker (Merfolk Gladiator)           Turns: 2667, Time: 00:02:36

Health: -6/39      AC:  4    Str: 16    XL:     5   Next: 73%
Magic:  5/5        EV: 15    Int:  7    God:
Gold:   110        SH:  0    Dex: 15    Spells: 4/4 levels left

rFire    . . .     SeeInvis .   a - +0 long sword
rCold    . . .     Gourm    .   (no shield)
rNeg     . . .     Faith    .   b - +0 leather armour
rPois    .         Spirit   .   c - +0 helmet
rElec    .         Reflect  .   (no cloak)
rCorr    .         Harm     .   (no gloves)
MR       .....                  (no boots)
Stlth    +.........             (no amulet)
HPRegen  0.13/turn              (no ring)
MPRegen  0.09/turn              (no ring)

@: lethally poisoned (-6 -> -8), invisible
A: change form in water, swift swim, stealthy swim
a: no special abilities


You were on level 4 of the Dungeon.
You were not hungry.

You visited 1 branch of the dungeon, and saw 4 of its levels.

You collected 110 gold pieces.

Inventory:

Hand Weapons
 a - a +0 long sword (weapon)
Missiles
 d - 3 throwing nets (quivered)
 l - 9 poisoned darts
Armour
 b - a +0 leather armour (worn)
 c - a +0 helmet (worn)
 k - a +0 buckler
Wands
 p - a wand of paralysis (8)
Scrolls
 e - 2 scrolls of random uselessness {unknown}
 h - a scroll of blinking {unknown}
 i - 6 scrolls of identify {unknown}
 j - a scroll of amnesia {unknown}
 n - 3 scrolls of remove curse {unknown}
 o - a scroll of fog {unknown}
 q - a scroll of teleportation {unknown}
Potions
 r - a potion of degeneration {unknown}
Comestibles
 f - 3 rations
 m - 4 chunks of flesh


   Skills:
 + Level 2.7 Fighting
 + Level 5.2 Long Blades
 - Level 2.0 Throwing
 + Level 6.2 Dodging


You had 4 spell levels left.
You didn't know any spells.
Your spell library was empty.

Dungeon Overview and Level Annotations

Branches:
Dungeon (4/15)
 Temple: D:4-7

Altars:


Message History

The jackal misses you.
You riposte.
You hit the jackal.
The jackal is severely wounded.
The orc hits you with a +0 flail.
* * * LOW HITPOINT WARNING * * *
The orc hits you with a +0 flail.
* * * LOW HITPOINT WARNING * * *
The jackal bites you but does no damage.
The jackal closely misses you.
You riposte.
You slash the jackal!
You kill the jackal!
You closely miss the orc.
The orc is almost dead.
The orc misses you.
You riposte.
You closely miss the orc.
The orc is almost dead.
The jackal bites you.
* * * LOW HITPOINT WARNING * * *
The orc barely misses you.
It was a potion of invisibility.
You fade into invisibility!
The jackal misses you. The orc hits you with a +0 flail!
You die...

.. ....#
.##.......##
......#....
....o##(.#
#.......#
#.......#
##.......##
#..oho..<.###
#.†@†......#
#.....#.##....(.
##....### ....##
....#### ...#
##.. #..# #..
..# ## ##


You could see 3 orcs and a jackal.

Vanquished Creatures
  A hound (D:3)
  Jessica (D:3)
  Robin (D:2)
  5 adders
  An ooze (D:3)
  A worm (D:2)
  2 dart slugs
  2 leopard geckos (D:1)
  3 orcs (D:3)
  A ball python (D:3)
  5 giant cockroaches
  6 hobgoblins
  3 jackals (D:4)
  A quokka (D:2)
  7 bats
  3 frilled lizards
  9 goblins
  6 kobolds
  10 rats
68 creatures vanquished.

Vanquished Creatures (others)
  A goblin (D:2)
1 creature vanquished.

Grand Total: 69 creatures vanquished

Notes
Turn   | Place    | Note
-------+----------+-------------------------------------------
     0 | D:1      | DogServant the Merfolk Gladiator began the quest for the
                  | Orb.
     0 | D:1      | Reached XP level 1. HP: 16/16 MP: 1/1
   326 | D:1      | Reached XP level 2. HP: 17/22 MP: 2/2
  1212 | D:2      | Reached XP level 3. HP: 24/27 MP: 3/3
  1215 | D:2      | Reached skill level 5 in Dodging
  1616 | D:2      | Noticed Robin
  1620 | D:2      | Reached XP level 4. HP: 33/33 MP: 4/4
  1632 | D:2      | Killed Robin
  2035 | D:3      | Reached XP level 5. HP: 32/38 MP: 5/5
  2040 | D:3      | Reached skill level 5 in Long Blades
  2040 | D:3      | Reached skill level 6 in Dodging
  2274 | D:3      | Noticed Jessica
  2280 | D:3      | Killed Jessica
  2667 | D:4      | Mangled by an orc

Illustrated notes

Levels and vault maps discovered:
D:1:      psy_arrival_radial02, layout_loops_ring, st_stairs_1
D:2:      layout_rooms, uniq_robin
D:3:      layout_basic, uniq_jessica
D:4:      layout_cave_pools, gup_sewer_entry_bubbles,
          chequers_serial_rivers_small_b

Skill      XL: |  1  2  3  4  5 |
---------------+----------------+-----
Long Blades    | 4 5 |  5.2
Dodging        | 5 6 |  6.2
Fighting       | |  2.7
Throwing       | |  2.0

Action                   |  1- 3 |  4- 6 || total
-------------------------+-------+-------++-------
Melee: Long sword        |    92 |    90 ||   182
  Use: Potion            |       |     1 ||     1
  Eat: Chunk             |     2 |     4 ||     6
Armor: Leather armour    |    28 |    32 ||    60
Dodge: Dodged            |   106 |   127 ||   233
       Rpst.: Long sword |    31 |    42 ||    73
